 Dungeon Crawl Stone Soup version 0.29.1-1-gd02db6906a (webtiles) character file.

Game seed: 4199849721715763854

8052 tizbic2 the Reanimator (level 11, -3/83 HPs)
             Began as a Demonspawn Necromancer on Oct 2, 2022.
             Was the Champion of Jiyva.
             Slain by a vampire (5 damage)
             ... on level 10 of the Dungeon.
             The game lasted 00:40:15 (7351 turns).

tizbic2 the Reanimator (Demonspawn Necromancer)     Turns: 7351, Time: 00:40:16

Health: -3/83      AC: 13    Str: 12    XL:     11   Next: 4%
Magic:  26/26      EV:  9    Int: 16    God:    Jiyva [******]
Gold:   36         SH: 24    Dex: 15    Spells: 18/22 levels left

rFire   + . .      SeeInvis .   u - +4 trident (pain)
rCold   . . .      Faith    .   q - +4 tower shield
rNeg    . . .      Spirit   .   a - +0 leather armour {rF+}
rPois   +          Reflect  +   (helmet restricted)
rElec   .          Harm     .   (no cloak)
rCorr   +          Rampage  .   (no gloves)
Will    .....      Clarity  +   (boots unavailable)
Stlth   ++........              w - amulet of reflection
HPRegen 1.83/turn               m - ring of poison resistance
MPRegen 0.70/turn               (no ring)

@: mighty, sanguine armoured
A: antennae 2, demonic guardian 2, foul stench 1, sanguine armour 2, talons 3,
clarity, high MP 3, wild magic 1, gelatinous body 1, jelly absorbing missiles
a: Renounce Religion, Oozemancy, Slimify


You were on level 10 of the Dungeon.
You worshipped Jiyva.
Jiyva was exalted by your worship.
You visited 2 branches of the dungeon, and saw 11 of its levels.
You also visited: Sewer.

You collected 423 gold pieces.
You spent 387 gold pieces at shops.

Inventory:

Hand Weapons
 e - the +6 sling of Cuneb {speed, Int+2}
   (You found it on level 4 of the Dungeon)

   Attacks with this weapon are significantly faster.
   Int:       It affects your intelligence (+2).
 p - a +1 short sword of distortion
 u - a +4 trident of pain (weapon)
 v - the +5 sling "Farghefit" {venom, rElec Str+6 Dex-5}
   (You found it on level 5 of the Dungeon)

   Any ammunition fired from it poisons the flesh of those it strikes.
   Str:       It affects your strength (+6).
   Dex:       It affects your dexterity (-5).
   rElec:     It insulates you from electricity.
Missiles
 k - 10 poisoned darts
 n - 2 throwing nets
 F - 6 curare-tipped darts
Armour
 a - a +0 leather armour of fire resistance (worn)
 f - a +0 plate armour
 h - a +0 ring mail
 q - a +4 tower shield (worn)
 t - a +0 chain mail
Jewellery
 m - a ring of poison resistance (left hand)
 w - an amulet of reflection (around neck)
Wands
 o - a wand of mindburst (13)
 E - a wand of roots (2)
Scrolls
 d - a scroll of teleportation
 s - a scroll of torment
 y - a scroll of fog
 A - 3 scrolls of identify
 B - a scroll of brand weapon
Potions
 b - 2 potions of magic
 c - 2 potions of lignification {unknown}
 g - 3 potions of might
 i - a potion of berserk rage {unknown}
 j - 2 potions of curing {unknown}
 l - 3 potions of haste
 r - a potion of cancellation {unknown}
 x - a potion of ambrosia {unknown}
 z - a potion of mutation {unknown}
 C - 2 potions of flight {unknown}
 D - a potion of heal wounds {unknown}


   Skills:
 + Level 6.5 Fighting
 - Level 0.9 Short Blades
 * Level 7.1 Polearms
 - Level 0.2 Ranged Weapons
 - Level 1.7 Dodging
 - Level 1.7 Stealth
 * Level 7.4 Shields
 + Level 6.0 Spellcasting
 * Level 10.7 Necromancy


You had 18 spell levels left.
You knew the following spells:

 Your Spells              Type           Power      Damage    Failure   Level
a - Necrotise             Necr           100%       1d9       3%          1
b - Vampiric Draining     Necr           50%        2d9       9%          3

Your spell library contained the following spells:

 Spells                   Type           Power      Damage    Failure   Level
 Animate Dead             Necr           50%        N/A       24%         4
 Agony                    Necr           50%        N/A       52%         5
 Frozen Ramparts          Ice            12%        1d2       99%         3
 Ice Form                 Ice/Tmut       6%         N/A       100%        4
 Summon Ice Beast         Ice/Summ       6%         N/A       100%        4


Dungeon Overview and Level Annotations

Branches:
Dungeon (10/15)            Temple (1/1) D:4           Sewer (visited)
   Lair: D:8-11         Orc: D:9-12

Altars:
Ashenzari
Cheibriados
Dithmenos
Fedhas
Gozag
Hepliaklqana
Kikubaaqudgha
Makhleb
Nemelex Xobeh
Okawaru
Qazlal
Ru
Sif Muna
Trog
Uskayaw
Vehumet
Wu Jian
Xom
Yredelemnul
Jiyva

Shops:
D:1 [:=?=   D:2 ?(=(   D:7 *


Innate Abilities, Weirdness & Mutations

You have a pair of antennae on your head.
A demonic guardian rushes to your aid.
You may rarely emit foul miasma when damaged in melee.
When seriously injured, your blood forms thick armour. (AC +9)
You have claws for feet.
You possess an exceptional clarity of mind.
You have a greatly increased reservoir of magic. (+30% MP)
Your spells are a little harder to cast, but a little more powerful.
Your rubbery body absorbs attacks. (AC +1, EV +1)
You have a small jelly attached to you that may absorb projectiles.


Message History

Your blood congeals into armour.
The vampire draws strength from your injuries!
You emit a cloud of foul miasma!
The vampire hits you! You block the vampire's attack.
You block the vampire's attack. The vampire bites you!
The vampire draws strength from your injuries!
You puncture the vampire!
The vampire is moderately damaged.
You block the vampire's attack.
The vampire bites you but does no damage.
You hit the wyvern.
The wyvern writhes in agony.
You claw the wyvern.
The wyvern is moderately wounded.
You block the wyvern's attack.
The vampire hits you but does no damage.
The vampire barely misses you. You block the wyvern's attack.
You hit the wyvern but do no damage.
The wyvern writhes in agony!
You claw the wyvern.
The wyvern is severely wounded.
You block the wyvern's attack.
The vampire hits you but does no damage.
You block the vampire's attack. The wyvern bites you!
You hit the wyvern.
The wyvern writhes in agony.
You kill the wyvern!
The vampire casts a spell.
The vampire flickers and vanishes!
Deactivating autopickup; reactivate with Ctrl-A.
Something hits you. You block something's attack.
You closely miss something. Your kick misses something. Something hits you.
You block something's attack.
You barely miss something. You claw something. Something hits you!
You emit a cloud of foul miasma!
You block something's attack.
You puncture something! You claw something. Something hits you!
* * * LOW HITPOINT WARNING * * *
A demonic guardian appears!
Something bites you but does no damage.
You feel very mighty all of a sudden. You block something's attack.
Something bites you but does no damage.
You miss something. You claw something. Something draws life force from you!!
* * * LOW HITPOINT WARNING * * *
Something hits you.
You die...

##### ############
....##########...........
....#........#...........
....#........#...........
....#........#...4.......
....'........#..@{.......
....#........#...........
....#####'####...........
..................##'####
......)...........# .#
..................# #
..................#
..................#
..................#


You could see a friendly rust devil (summoned).

Vanquished Creatures
  A manticore (D:9)
  A cyclops (D:9)
  A troll (D:10)
  A vampire (D:9)
  A wyvern (D:10)
  11 yaks
  2 steam dragons (D:9)
  2 water moccasins
  An acid dragon (D:9)
  Pargi (Sewer)
  2 black bears
  An ice beast (D:7)
  A sky beast (D:6)
  3 centaurs (D:9)
  A kobold brigand (D:9)
  A gnoll sergeant (D:9)
  2 scorpions
  A wight (D:7)
  7 killer bees
  3 howler monkeys (D:8)
  2 orc priests
  A hound (D:7)
  3 iguanas
  An orc wizard (D:9)
  7 adders
  4 gnolls
  A river rat (D:4)
  A white imp (D:7)
  An ufetubus (D:4)
  3 worms
  A dart slug (D:1)
  10 orcs
  7 ball pythons
  3 bats
  3 endoplasms (D:1)
  6 giant cockroaches
  5 goblins
  2 hobgoblins
  3 jackals (D:1)
  4 quokkas
  8 frilled lizards
  7 kobolds
  6 rats
133 creatures vanquished.

Vanquished Creatures (collateral kills)
  An ice statue (D:9)
  A wyvern (D:6)
  6 yaks
  A steam dragon (D:8)
  2 water moccasins
  2 wights (D:7)
  9 killer bees
  An orc priest (D:6)
  An orc wizard (D:8)
  A gnoll (D:5)
  A white imp (D:6)
  A worm (D:2)
  3 orcs (D:8)
  A quokka (D:1)
  A bat (D:3)
  5 kobolds
37 creatures vanquished.

Vanquished Creatures (others)
  A two-headed ogre (D:9)
  A wizard (D:5)
  Menkaure (D:7)
  A water moccasin (D:8)
  A phantom (D:7)
  A bullfrog (D:7)
  A necrophage (D:7)
  A scorpion (D:5)
  A howler monkey (D:5)
  3 hounds
  4 jellies
  A gnoll (D:1)
  2 adders
  2 worms (D:2)
  A dart slug (D:2)
  10 orcs
  3 kobolds
  A quokka (D:3)
  2 rats (D:3)
  53 plants (D:3)
91 creatures vanquished.

Grand Total: 261 creatures vanquished

Notes
Turn   | Place    | Note
-------+----------+-------------------------------------------
     0 | D:1      | tizbic2 the Demonspawn Necromancer began the quest for the
                  | Orb.
     0 | D:1      | Reached XP level 1. HP: 13/13 MP: 3/3
    52 | D:1      | Found Oshikhoema's Jewellery Shop.
    71 | D:1      | Gained mutation: You have a pair of small antennae on your
                  | head. [demonic ancestry]
    71 | D:1      | Reached XP level 2. HP: 14/20 MP: 0/5
    82 | D:1      | Reached skill level 1 in Fighting
   554 | D:1      | Found a faded altar of an unknown god.
   562 | D:1      | Prayed at the altar of an unknown god.
   562 | D:1      | Became a worshipper of Jiyva Jaalen the Shapeless
   562 | D:1      | Reached * piety under Jiyva
   653 | D:1      | Found Tecoxzi's Magic Scroll Emporium.
   675 | D:1      | Found Baxkixyb's Book Emporium.
   700 | D:1      | Found Ratraoxt's Antique Armour Shoppe.
   814 | D:1      | Gained mutation: You have a pair of antennae on your head.
                  | [demonic ancestry]
   814 | D:1      | Reached XP level 3. HP: 24/26 MP: 1/6
   952 | D:1      | Found Zugisoal's Jewellery Emporium.
  1027 | D:1      | Reached skill level 5 in Necromancy
  1038 | D:1      | Learned a level 3 spell: Vampiric Draining
  1116 | D:2      | Found Zacwidd's Weapon Shoppe.
  1222 | D:2      | Found Byeme's Antique Weapon Shop.
  1245 | D:2      | Reached ** piety under Jiyva
  1287 | D:2      | Gained mutation: When seriously injured, your blood forms
                  | armour. (AC +9) [demonic ancestry]
  1287 | D:2      | Reached XP level 4. HP: 33/33 MP: 4/7
  1367 | D:2      | Found Fidghitas's Jewellery Shoppe.
  1437 | D:2      | Found Quq Dof's Magic Scroll Emporium.
  1600 | D:3      | Found an opulent altar of Gozag.
  1618 | D:3      | Found a blossoming altar of Fedhas.
  1797 | D:3      | Reached XP level 5. HP: 40/40 MP: 4/9
  1884 | D:3      | Reached *** piety under Jiyva
  2137 | D:4      | Found a glowing drain.
  2137 | D:4      | Gained mutation: You have a small jelly attached to you
                  | that may absorb projectiles. [Jiyva's grace]
  2137 | D:4      | Gained mutation: Your spells are a little harder to cast,
                  | but a little more powerful. [Jiyva's grace]
  2137 | D:4      | Gained mutation: Your spells are harder to cast, but more
                  | powerful. [Jiyva's grace]
  2137 | D:4      | Gained mutation: Your spells are much harder to cast, but
                  | much more powerful. [Jiyva's grace]
  2145 | Sewer    | Entered a sewer
  2235 | Sewer    | Noticed Pargi
  2245 | Sewer    | Killed Pargi
  2246 | Sewer    | Reached skill level 1 in Shields
  2246 | Sewer    | Reached skill level 6 in Necromancy
  2246 | Sewer    | Gained mutation: A weak demonic guardian rushes to your
                  | aid. [demonic ancestry]
  2246 | Sewer    | Reached XP level 6. HP: 47/47 MP: 10/10
  2528 | D:4      | Found a burning altar of Makhleb.
  2546 | D:4      | Found a staircase to the Ecumenical Temple.
  2547 | D:4      | Identified the +6 sling of Cuneb {speed, Int+2}
  2565 | D:4      | Gained mutation: You are dopey. (Int -2) [mutagenic glow]
  2585 | D:4      | Lost mutation: Your spells are much harder to cast, but
                  | much more powerful. [mutagenic glow]
  2657 | Temple   | Entered the Ecumenical Temple
  2767 | D:4      | Reached **** piety under Jiyva
  2985 | D:5      | Entered Level 5 of the Dungeon
  3274 | D:5      | Identified the +5 sling "Farghefit" {venom, rElec Str+6
                  | Dex-5}
  3289 | D:5      | Reached ***** piety under Jiyva
  3297 | D:5      | Found a bloodstained altar of Trog.
  3300 | D:5      | Noticed a wizard
  3305 | D:5      | Killed a wizard
  3466 | D:6      | Reached XP level 7. HP: 52/52 MP: 11/11
  3612 | D:6      | Reached skill level 1 in Polearms
  3954 | D:6      | Noticed a wyvern
  3959 | D:6      | Killed a wyvern
  3961 | D:6      | Reached skill level 7 in Necromancy
  4003 | D:6      | Lost mutation: Your spells are harder to cast, but more
                  | powerful. [Jiyva's grace]
  4003 | D:6      | Gained mutation: You have sharp toenails. [Jiyva's grace]
  4003 | D:6      | Gained mutation: You have razor-sharp toenails. [Jiyva's
                  | grace]
  4003 | D:6      | Gained mutation: You have claws for feet. [Jiyva's grace]
  4003 | D:6      | Gained mutation: You possess an exceptional clarity of
                  | mind. [Jiyva's grace]
  4011 | D:6      | Found an ornate altar of the Wu Jian Council.
  4228 | D:6      | Gained mutation: A demonic guardian rushes to your aid.
                  | [demonic ancestry]
  4228 | D:6      | Reached XP level 8. HP: 43/60 MP: 13/13
  4380 | D:7      | Killed Menkaure
  4460 | D:7      | Found a radiant altar of Vehumet.
  4483 | D:7      | Found a shimmering blue altar of Sif Muna.
  4643 | D:7      | Found a stormy altar of Qazlal.
  4794 | D:7      | Found Kiphau's Assorted Antiques.
  5011 | D:7      | Found a hazy altar of Hepliaklqana.
  5151 | D:7      | Bought a scroll labelled HUM ZIDU HIKH for 29 gold pieces
  5151 | D:7      | Bought a scroll labelled JAILO YMORA for 29 gold pieces
  5151 | D:7      | Bought a scroll labelled SAT GOOCILUT for 29 gold pieces
  5189 | D:8      | Found a broken altar of Ashenzari.
  5217 | D:8      | Reached skill level 8 in Necromancy
  5361 | D:8      | Reached XP level 9. HP: 61/67 MP: 15/15
  5549 | D:8      | Reached ****** piety under Jiyva
  5789 | D:8      | Reached skill level 5 in Fighting
  5789 | D:8      | Reached skill level 5 in Shields
  5867 | D:9      | Reached skill level 5 in Polearms
  5873 | D:9      | Reached skill level 9 in Necromancy
  5951 | D:9      | Reached skill level 5 in Spellcasting
  5973 | D:9      | Lost mutation: You are dopey. (Int -2) [Jiyva's grace]
  5973 | D:9      | Gained mutation: You have an increased reservoir of magic.
                  | (+10% MP) [Jiyva's grace]
  5973 | D:9      | Gained mutation: You have a considerably increased
                  | reservoir of magic. (+20% MP) [Jiyva's grace]
  5973 | D:9      | Gained mutation: You have a greatly increased reservoir of
                  | magic. (+30% MP) [Jiyva's grace]
  5973 | D:9      | Gained mutation: Your rubbery body absorbs attacks. (AC +1,
                  | EV +1) [Jiyva's grace]
  6141 | D:9      | Noticed a manticore
  6145 | D:9      | Noticed a two-headed ogre
  6150 | D:9      | HP: 1/68 [two-headed ogre/+0 giant club (10)]
  6153 | D:9      | Killed a two-headed ogre
  6154 | D:9      | Gained mutation: When seriously injured, your blood forms
                  | thick armour. (AC +9) [demonic ancestry]
  6154 | D:9      | Reached XP level 10. HP: 7/76 MP: 23/23
  6223 | D:9      | Killed a manticore
  6323 | D:9      | Reached skill level 10 in Necromancy
  6351 | D:9      | Noticed a cyclops
  6362 | D:9      | Killed a cyclops
  6372 | D:9      | Noticed an ice statue
  6380 | D:9      | Killed an ice statue
  6832 | D:1      | Bought an amulet of reflection for 300 gold pieces
  7016 | D:10     | Entered Level 10 of the Dungeon
  7072 | D:10     | Gained mutation: You may rarely emit foul miasma when
                  | damaged in melee. [demonic ancestry]
  7072 | D:10     | Reached XP level 11. HP: 71/83 MP: 25/25
  7092 | D:10     | Found a shadowy altar of Dithmenos.
  7351 | D:10     | HP: 2/83 [something (18)]
  7351 | D:10     | Slain by a vampire

Illustrated notes

Levels and vault maps discovered:
D:1:      ncdulo_watergridlock, layout_loops_ring, serial_shops,
          nicolae_shop_window_shopping, shop, nicolae_square_shop, shop, shop,
          dilly_ecumenical_altar_fadedgnrine, nrook_mini_backslash,
          minmay_pentomino_p2
D:2:      layout_basic, serial_shops, nicolae_shop_waterfront, shop_statue,
          shop_statue, shop_fountains
D:3:      layout_basic, mainiacjoe_overflow_catch_the_wave
D:4:      layout_basic, mainiacjoe_overflow_surrounded_room,
          minmay_temple_entry_offerings, portal_sewer_entry_b
D:5:      minmay_spotlight, layout_cave_pools, trog_wizard
D:6:      layout_basic, lemuel_round_altar, nicolae_tso_carved_into_rock
D:7:      layout_loops_ring, kennysheep_little_box,
          nicolae_hepliaklqana_hippocampus, minmay_overflow_temple_star_quad,
          serial_shops, nicolae_shop_statue_plus, uniq_menkaure
D:8:      layout_loops_ring, evilmike_ruin_ashenzari
D:9:      minmay_skewed_foursquare, layout_cave_pools, minivault_16,
          minivault_20, grunt_ministairs_8
D:10:     layout_gridville, nicolae_dithmenos_shadow_blocks
Temple:   jpeg_temple_island

Skill      XL: |  1  2  3  4  5  6  7  8  9 10 11 |
---------------+----------------------------------+-----
Fighting       | 1 2 3 4 5 6 |  6.5
Necromancy     | 5 6 7 8 9 10 | 10.7
Shields        | 1 2 3 4 6 7 |  7.4
Spellcasting   | 3 4 5 6 |  6.0
Polearms       | 2 4 5 7 |  7.1
Short Blades   | |  0.9
Ranged Weapons | |  0.2
Dodging        | |  1.7
Stealth        | |  1.7

Action                   |  1- 3 |  4- 6 |  7- 9 | 10-12 || total
-------------------------+-------+-------+-------+-------++-------
Melee: Unarmed           |     4 |       |       |       ||     4
       Punch             |     1 |     1 |       |       ||     2
       Dagger            |    80 |    16 |       |       ||    96
       Club              |     3 |       |       |       ||     3
       Short sword       |       |    56 |       |       ||    56
       Trident           |       |    15 |   169 |   100 ||   284
       Kick              |       |       |    48 |    34 ||    82
 Fire: Sling             |       |    41 |       |       ||    41
 Cast: Necrotise         |    56 |    29 |     5 |     9 ||    99
       Vampiric Draining |     2 |       |       |     3 ||     5
  Use: Scroll            |       |     9 |     8 |       ||    17
       Potion            |       |       |     1 |     2 ||     3
 Stab: Sleeping          |       |     1 |     8 |       ||     9
Armor: Ring mail         |    34 |    55 |     2 |    20 ||   111
       Robe              |       |       |    34 |       ||    34
       Leather armour    |       |       |       |    24 ||    24
Dodge: Dodged            |    59 |    57 |    52 |    34 ||   202
Block: Tower shield      |       |    99 |   214 |   160 ||   473
